 Dungeon Crawl Stone Soup version 0.24-a0-584-g9d6b971ae4 (webtiles) character file.

Game seed: 6758924229896474768, levelgen mode: deterministic

215 Mithandil the Shield-Bearer (level 5, -1/41 HPs)
             Began as a Minotaur Fighter on Sept 2, 2019.
             Killed by nerve-wracking pain
             ... invoked by an orc priest
              (5 damage)
             ... on level 4 of the Dungeon.
             The game lasted 00:11:16 (2669 turns).

Mithandil the Shield-Bearer (Minotaur Fighter)      Turns: 2669, Time: 00:11:16

Health: -1/41      AC:  9    Str: 22    XL:     5   Next: 60%
Magic:  4/4        EV:  8    Int:  5    God:
Gold:   274        SH: 10    Dex: 10    Spells: 4/4 levels left

rFire    . . .     SeeInvis .   a - +0 spear (freeze)
rCold    . . .     Gourm    .   c - +0 shield
rNeg     . . .     Faith    .   l - +0 scale mail
rPois    .         Spirit   .   (helmet restricted)
rElec    .         Reflect  .   (no cloak)
rCorr    +         Harm     .   (no gloves)
MR       +....                  (no boots)
Stlth    ..........             (no amulet)
HPRegen  0.13/turn              m - ring of resist corrosion
MPRegen  0.09/turn              p - +3 ring of strength

@: no status effects
A: retaliatory headbutt, horns 2, iridescent scales 1, frail 1, magic resistance
1, weak 1
a: no special abilities


You were on level 4 of the Dungeon.
You were not hungry.

You visited 1 branch of the dungeon, and saw 5 of its levels.

You collected 274 gold pieces.

Inventory:

Hand Weapons
 a - a +0 spear of freezing (weapon)
 b - a +0 trident of piercing
 q - a +0 hunting sling
 r - a +0 long sword
Missiles
 g - 4 boomerangs (quivered)
 i - 41 bolts
 j - 3 poisoned darts
 k - 7 sling bullets
Armour
 c - a +0 shield (worn)
 l - a +0 scale mail (worn)
Jewellery
 m - a ring of resist corrosion (left hand)
 n - an uncursed ring of fire
 p - a +3 ring of strength (right hand)
Scrolls
 e - 2 scrolls of remove curse
 o - 3 scrolls of teleportation
 s - 3 scrolls of identify
 t - a scroll of fear {unknown}
 u - a scroll of magic mapping {unknown}
Potions
 d - 4 potions of might
 v - a potion of haste
Comestibles
 f - 4 rations
 h - 2 chunks of flesh


   Skills:
 + Level 4.3 Fighting
 - Level 3.7 Long Blades
 * Level 1.8 Polearms
 + Level 1.5 Throwing
 + Level 4.2 Armour
 + Level 1.6 Dodging
 * Level 5.0 Shields


You had 4 spell levels left.
You didn't know any spells.
Your spell library was empty.

Dungeon Overview and Level Annotations

Branches:
Dungeon (5/15)
 Temple: D:4-7

Altars:
Hepliaklqana
Makhleb
Qazlal
Ru
Trog
Wu Jian


Innate Abilities, Weirdness & Mutations

You reflexively headbutt those who attack you in melee.
You have a pair of horns on your head.
You are partially covered in iridescent scales. (AC +2)
You are frail. (-10% HP)
You are resistant to hostile enchantments. (MR+)
You are weak. (Str -2)


Message History

Your Shields skill increases to level 5!
You feel a bit more experienced. The orc hits you with a +0 club.
You block the leopard gecko's attack.
You barely miss the orc priest.
The leopard gecko bites you but does no damage.
You block the orc's attack.
The orc priest mumbles some strange prayers to Beogh against you.
Pain shoots through your body!
* * * LOW HITPOINT WARNING * * *
You closely miss the orc priest. You block the leopard gecko's attack.
The orc priest hits you but does no damage.
The orc barely misses you. You furiously retaliate!
You headbutt the orc!
You kill the orc!
The leopard gecko bites you but does no damage.
You hit the orc priest but do no damage.
You headbutt the orc priest!
The orc priest is severely wounded.
The orc priest calls down the wrath of Beogh upon you.
Pain shoots through your body!
You die...

#### ... ..#
..# .#
..####.#
#####l......
#..)@oo..<..
##.###...###
#.>.. ......
#...o#.#####.
#....<.......
#............
#............
#.....######.
#.#>.[.


You could see an orc priest, an orc and a leopard gecko.

Vanquished Creatures
  A crimson imp (D:3)
  2 orc wizards
  An iguana (D:3)
  2 adders
  An ooze (D:2)
  An adder skeleton (D:5)
  3 dart slugs
  A worm (D:3)
  3 leopard geckos
  6 orcs
  2 ball pythons (D:2)
  2 bats (D:1)
  7 giant cockroaches
  7 hobgoblins
  A quokka (D:3)
  2 frilled lizards (D:2)
  11 goblins
  A kobold (D:1)
  8 rats
62 creatures vanquished.

Notes
Turn   | Place    | Note
-------+----------+-------------------------------------------
     0 | D:1      | Mithandil the Minotaur Fighter began the quest for the Orb.
     0 | D:1      | Reached XP level 1. HP: 19/19 MP: 0/0
   337 | D:1      | Reached XP level 2. HP: 27/27 MP: 1/1
   497 | D:1      | Reached skill level 4 in Shields
   801 | D:1      | Reached XP level 3. HP: 33/33 MP: 2/2
  1553 | D:2      | Reached skill level 1 in Dodging
  1705 | D:2      | Reached skill level 1 in Throwing
  1740 | D:3      | Found a sacrificial altar of Ru.
  1748 | D:3      | Reached XP level 4. HP: 37/40 MP: 3/3
  1796 | D:3      | Found a faded altar of an unknown god.
  1898 | D:5      | Entered Level 5 of the Dungeon
  1899 | D:5      | Noticed a sky beast
  1936 | D:3      | Reached skill level 1 in Polearms
  1936 | D:3      | Reached XP level 5. HP: 26/46 MP: 4/4
  2148 | D:3      | Gained mutation: You are weak. (Str -2) [potion of
                  | mutation]
  2148 | D:3      | Gained mutation: You are partially covered in iridescent
                  | scales. (AC +2) [potion of mutation]
  2148 | D:3      | Gained mutation: You are frail. (-10% HP) [potion of
                  | mutation]
  2148 | D:3      | Gained mutation: You are resistant to hostile enchantments.
                  | (MR+) [potion of mutation]
  2211 | D:3      | Found a faded altar of an unknown god.
  2211 | D:3      | Found a bloodstained altar of Trog.
  2217 | D:3      | Found a stormy altar of Qazlal.
  2219 | D:3      | Found a faded altar of an unknown god.
  2220 | D:3      | Found an ornate altar of the Wu Jian Council.
  2338 | D:3      | Found a burning altar of Makhleb.
  2471 | D:3      | Found a hazy altar of Hepliaklqana.
  2666 | D:4      | Reached skill level 5 in Shields
  2669 | D:4      | Killed from afar by an orc priest

Levels and vault maps discovered:
D:1:      wheals_arrival_linesprint, layout_loops_corners
D:2:      layout_rooms, hangedman_decor_riveting
D:3:      layout_loops_ring, lemuel_round_altar,
          nicolae_ru_great_annihilating_truth,
          chequers_temple_overflow_minitemple, makhleb_grotto_becter,
          chequers_ecumenical_altar_simple
D:4:      layout_basic, first_ration
D:5:      minmay_razor_zed, layout_basic, minmay_temple_entry_arrows,
          gup_sewer_entry_spiral

Skill      XL: |  1  2  3  4  5 |
---------------+----------------+-----
Shields        | 4 5 |  5.0
Long Blades    | 3 |  3.7
Dodging        | 1 |  1.6
Throwing       | 1 |  1.5
Fighting       | 4 |  4.3
Armour         | 4 |  4.2
Polearms       | 1 |  1.8

Action                   |  1- 3 |  4- 6 || total
-------------------------+-------+-------++-------
Melee: Long sword        |   107 |    10 ||   117
       Headbutt          |    19 |     9 ||    28
       Spear             |       |    53 ||    53
  Use: Scroll            |     7 |     1 ||     8
       Potion            |     5 |     2 ||     7
 Stab: Paralysed         |       |     3 ||     3
  Eat: Chunk             |     3 |     3 ||     6
Armor: Scale mail        |    44 |    18 ||    62
Dodge: Dodged            |    23 |    16 ||    39
Block: Shield            |    49 |    31 ||    80
       Rpst.: Long sword |     7 |       ||     7

Table legend:
 A = Non-vault XP
 B = Vault XP
 C = Vault XP percentage of total XP
 D = Non-vault monster count
 E = Vault monster count
 F = Vault count percentage of total count
                 A         B        C        D         E       F
            +---------+---------+-------+---------+---------+-------
      Total |     214 |      94 |  30.5 |      57 |       5 |   8.1
            +---------+---------+-------+---------+---------+-------
        D:1 |      40 |       0 |   0.0 |      21 |       0 |   0.0
        D:2 |      45 |       0 |   0.0 |      15 |       0 |   0.0
        D:3 |      59 |      94 |  61.4 |      12 |       5 |  29.4
        D:4 |      65 |       0 |   0.0 |       8 |       0 |   0.0
        D:5 |       5 |       0 |   0.0 |       1 |       0 |   0.0
            +---------+---------+-------+---------+---------+-------
